 Dungeon Sprint DCSS version 0.21-a0-110-g8e1637b (webtiles) character file.

35 Kidiri the Sneak (level 3, -4/18 HPs)
             Began as a Spriggan Enchanter on July 10, 2017.
             Drowned by a water elemental (5 damage)
             ... in the Dungeon (Sprint III: "The Ten Rune Challenge").
             The game lasted 00:02:15 (467 turns).

Kidiri the Sneak (Spriggan Enchanter)                Turns: 467, Time: 00:02:15

Health: -4/18      AC:  2    Str:  4    XL:     3   Next: 16%
Magic:  9/9        EV: 20    Int: 16    God:
Gold:   23         SH:  0    Dex: 17    Spells: 1/10 levels left

rFire    . . .     SeeInvis +   a - +1 dagger
rCold    . . .     Gourm    .   (shield restricted)
rNeg     . . .     Faith    .   b - +0 robe
rPois    +         Spirit   .   (helmet restricted)
rElec    .         Reflect  .   (no cloak)
rCorr    .         Harm     .   (gloves unavailable)
MR       .....     NoTele   +   (boots unavailable)
Stlth    +++.......             (no amulet)
HPRegen  0.06/turn              (no ring)
MPRegen  0.11/turn              (no ring)

@: engulfed (cannot breathe), very quick
A: unfitting armour, see invisible, herbivore 3, speed 3, mutation resistance 1,
poison resistance, slow metabolism 2
a: no special abilities


You were in the Dungeon.
You were not hungry.

You visited 1 branch You collected 23 gold pieces.

Inventory:

Hand Weapons
 a - a +1 dagger (weapon)
Armour
 b - a +0 robe (worn)
Scrolls
 j - a scroll of blinking
 l - 2 scrolls of torment
 n - 2 scrolls of remove curse
Potions
 e - a potion of curing
 f - a potion of heal wounds
 g - a potion of haste
 h - 2 potions of magic
 i - a potion of mutation
 k - a potion of agility
 o - a potion of lignification
 p - 4 potions of flight
Books
 c - a book of Maledictions

   Spells                             Type                      Level
   a - Corona                         Hexes                        1
   b - Ensorcelled Hibernation        Hexes/Ice                    2
   c - Confuse                        Hexes                        3
   d - Tukima's Dance                 Hexes                        3
   e - Dazzling Spray                 Conjuration/Hexes            3
Comestibles
 d - a bread ration
 r - a fruit


   Skills:
 + Level 1.3 Fighting
 * Level 3.2 Short Blades
 + Level 1.0 Armour
 * Level 4.4 Dodging
 * Level 5.9 Stealth
 * Level 4.1 Spellcasting
 + Level 4.3 Hexes
 + Level 0.4 Ice Magic


You had one spell level left.
You knew the following spells:

 Your Spells              Type           Power        Failure   Level  Hunger
a - Corona                Hex            ###....      2%          1    None
b - Ensorcelled Hibernat  Hex/Ice        ##....       10%         2    ##.....
c - Confuse               Hex            ###.....     9%          3    ###....
d - Tukima's Dance        Hex            ###.....     9%          3    ###....


Dungeon Overview and Level Annotations

Branches:
Dungeon (1/1)

Altars:


Innate Abilities, Weirdness & Mutations

You are very small and have problems with some larger weapons.
You are too small for most types of armour.
You have supernaturally acute eyesight. (SInv)
You are a herbivore.
You cover ground extremely quickly.
You need consume almost no food.
You are somewhat resistant to further mutation.
Your system is resistant to poisons. (rPois)


Message History

Unknown command.
You close the door.
You start resting.
HP restored.
You open the door.
You catch the helpless water elemental completely off-guard!
You impale the water elemental!!
The water elemental is severely damaged.
The water elemental hits you!
Ouch! That really hurt!
* * * LOW HITPOINT WARNING * * *
The water elemental engulfs you in water!
You hit the water elemental.
The water elemental is severely damaged.
* * * LOW HITPOINT WARNING * * *
Your lungs strain for air!
Unknown command.
You hit the water elemental but do no damage.
The water elemental is severely damaged.
You die...

▓▓▓▓▓▓▓▓▓▓▓ ▓▓▓
<.#%.+....♣ ♣.#
..#.?#....♣ ♣.#
#'####....♣♣♣ ♣♣.#
.....#....≈.♣♣♣..###+#+###
.....#...≈≈♣.♣♣..#........
.....#..≈≈≈≈.♣.♣@E.⌠......
####'#..≈≈≈≈≈≈♣♣.#...####
(..%.#.≈≈≈≈≈≈....#.⌠.#
.....#.≈≈≈≈≈.....#...#
.....#.≈≈≈.......#+###
'#####...........#
.....%...........#
▓▓▓▓▓▓▓▓▓▓▓▓▓▓▓▓▓▓


You could see a water elemental.

Vanquished Creatures
  A human (D)
  A wolf (D)
  4 rats (D)
6 creatures vanquished.

Vanquished Creatures (others)
  2 draconian scorchers (D)
  2 yaktaurs (D)
  6 hellions (D)
  3 plants (D)
13 creatures vanquished.

Grand Total: 19 creatures vanquished

Notes
Turn   | Place    | Note
-------+----------+-------------------------------------------
     0 | D        | Kidiri the Spriggan Enchanter began the quest for the Orb.
     0 | D        | Reached XP level 1. HP: 9/9 MP: 5/5
    53 | D        | Noticed a wolf
    67 | D        | Killed a wolf
    67 | D        | Reached skill level 1 in Fighting
    67 | D        | Reached skill level 5 in Stealth
    67 | D        | Reached XP level 2. HP: 14/14 MP: 3/7
    75 | D        | Learned a level 2 spell: Ensorcelled Hibernation
   113 | D        | Killed a hellion
   115 | D        | Killed a yaktaur
   115 | D        | Killed a hellion
   116 | D        | Killed a hellion
   116 | D        | Killed a hellion
   117 | D        | Killed a hellion
   118 | D        | Killed a hellion
   151 | D        | Reached skill level 1 in Armour
   151 | D        | Reached XP level 3. HP: 18/18 MP: 5/9
   156 | D        | Learned a level 3 spell: Confuse
   160 | D        | Learned a level 3 spell: Tukima's Dance
   187 | D        | Gained mutation: Your mind is acute. (Int +2) [potion of mutation]
   187 | D        | Gained mutation: Armour fits poorly on your strangely shaped body. [potion of mutation]
   187 | D        | Gained mutation: You are clumsy. (Dex -2) [potion of mutation]
   187 | D        | Gained mutation: You are somewhat resistant to further mutation. [potion of mutation]
   188 | D        | Lost mutation: You are clumsy. (Dex -2) [potion of mutation]
   188 | D        | Lost mutation: Armour fits poorly on your strangely shaped body. [potion of mutation]
   188 | D        | Lost mutation: Your mind is acute. (Int +2) [potion of mutation]
   188 | D        | Gained mutation: Your system is resistant to poisons. (rPois) [potion of mutation]
   202 | D        | Killed a white draconian scorcher
   216 | D        | Noticed a water elemental
   274 | D        | Killed a yaktaur
   327 | D        | Killed a white draconian scorcher
   467 | D        | Drowned by a water elemental

Vault maps used:
D:        dungeon_sprint_mu

Skill      XL: |  1  2 |
---------------+-------+-----
Spellcasting   | 3 4 |  4.1
Fighting       | 1 |  1.3
Short Blades   | 2 3 |  3.2
Stealth        | 5 |  5.9
Hexes          | 4 |  4.3
Armour         | 1 |  1.0
Dodging        | 4 |  4.4
Ice Magic      | |  0.4

Action                   || total
-------------------------++-------
Melee: Dagger            ||    13
 Cast: Corona            ||     2
       Ensorcelled Hiber ||     1
  Use: Potion            ||     3
       Scroll            ||     4
 Stab: Sleeping          ||     3
       Distracted        ||     1
Dodge: Dodged            ||     2
